 Dungeon Crawl Stone Soup version 0.18-a0-1797-gc18daef (webtiles) character file.

1383 George the Shield-Bearer (level 8, -4/65 HPs)
             Began as a Formicid Fighter on Apr 22, 2016.
             Killed from afar by Lokkij's ghost (20 damage)
             ... with a bolt of negative energy
             ... on level 6 of the Dungeon.
             The game lasted 00:07:08 (4644 turns).

George the Shield-Bearer (Formicid Fighter)         Turns: 4644, Time: 00:07:08

Health: -4/65      AC: 13    Str: 23    XL:     8   Next: 99%
Magic:  8/8        EV:  7    Int:  8    God:
Gold:   253        SH: 10    Dex: 10    Spells: 0 memorised, 7 levels left

rFire  . . .     SeeInvis +     a - +0 long sword
rCold  . . .     Gourm    .     E - +0 chain mail
rNeg   . . .     Faith    .     c - +0 shield
rPois  .         Spirit   .     (helmet unavailable)
rElec  .         Dismiss  .     (no cloak)
rCorr  .         Reflect  .     z - +2 pair of gloves
SustAt .         Harm     .     (no boots)
MR     .....                    m - amulet of regeneration
Stlth  ..........               D - ring of loudness (curse)
                                s - ring of flight

@: drained, not resistant to hostile enchantments, extremely unstealthy
A: permanent stasis, dig shafts and tunnels, four strong arms, antennae 3
a: Dig, Shaft Self, Evoke Flight


You were on level 6 of the Dungeon.
You were hungry.

You visited 1 branch of the dungeon, and saw 6 of its levels.

You collected 253 gold pieces.

Inventory:

Hand Weapons
 a - a +0 long sword (weapon)
Missiles
 N - 3 throwing nets (quivered)
Armour
 c - a +0 shield (worn)
 z - a +2 pair of gloves (worn)
 E - a +0 chain mail (worn)
Jewellery
 m - an amulet of regeneration (around neck)
 s - a ring of flight (left hand)
 D - a cursed ring of loudness (right hand)
Wands
 C - a wand of digging (9/24)
 G - a wand of acid (9/15)
Scrolls
 g - 2 scrolls of noise {unknown}
 i - 5 scrolls of amnesia {unknown}
 l - 8 scrolls of identify {unknown}
 o - 4 scrolls of blinking {unknown}
 r - a scroll of enchant weapon {unknown}
 t - 2 scrolls of fog {unknown}
 u - a scroll of remove curse {unknown}
 w - a scroll of teleportation {unknown}
 y - 2 scrolls of magic mapping {unknown}
 I - a scroll of random uselessness {unknown}
 J - a scroll of enchant armour {unknown}
 O - 2 scrolls of recharging {unknown}
Potions
 d - 2 potions of might
 h - a potion of lignification {unknown}
 j - 2 potions of agility {unknown}
 n - 8 potions of curing {unknown}
 p - 2 potions of cancellation {unknown}
 v - 2 potions of mutation {unknown}
 H - a potion of heal wounds {unknown}
 L - 2 potions of cure mutation {unknown}
 M - 2 potions of flight {unknown}
Comestibles
 f - 4 bread rations
 k - 3 slices of pizza
 A - 5 meat rations
 P - 3 chunks of flesh


   Skills:
 + Level 6.5(5.3) Fighting
 + Level 5.5(4.3) Long Blades
 + Level 6.6(5.4) Armour
 + Level 7.1(5.8) Shields


You had 7 spell levels left.
You didn't know any spells.

Dungeon Overview and Level Annotations

Branches:
Dungeon (6/15)
 Temple: D:4-7

Altars:
Dithmenos
Elyvilon
Makhleb
Pakellas
Ru
Zin

Shops:
D:5 !

Annotations:
D:6 Lokkij's ghost, novice DrMo


Innate Abilities, Weirdness & Mutations

You are under a permanent stasis effect.
You can dig through walls and to a lower floor.
Your four strong arms can wield two-handed weapons with a shield.
You have a pair of large antennae on your head (SInv).


Message History

You block the sky beast's attack.
Your chain mail prevents you from hitting the sky beast.
The sky beast is heavily wounded.
The sky beast hits you. The sky beast shocks you.
You barely miss the sky beast.
The sky beast is heavily wounded.
You are feeling hungry.
The sky beast hits you but does no damage.
Lokkij's ghost breathes negative energy at you.
The bolt of negative energy hits the sky beast.
The sky beast is drained!
The sky beast dies!
The bolt of negative energy hits you!
You feel drained.
The crimson imp blinks!
Lokkij's ghost hits you!
* * * LOW HITPOINT WARNING * * *
Items here: ))) [[ a mace; a dagger; a robe; a long sword; a chain mail Lokkij's ghost breathes negative energy at you.
The bolt of negative energy hits you!
You feel drained.
You die...

#. #.# #.# # ##.##
#.######...#
##.#........#########
###.......#....<.......
...........###.#########
..(.......## ##@........
##.#.#..5..###.#########
#......#..)#W##
###.##.#.{#.(# ...
#.#..##.# ### #.#..##.#
#.#..##.# ###.#..##.#
#.......#..


You could see Lokkij's ghost.

Vanquished Creatures
  A phantom (D:4)
  A black bear (D:6)
  An orc warrior (D:6)
  An ogre (D:4)
  2 centaurs (D:5)
  A giant frog (D:6)
  2 scorpions
  A crimson imp (D:5)
  A giant frog zombie (D:4)
  3 hounds
  A jelly (D:5)
  An orc wizard (D:6)
  3 iguanas
  2 worker ants
  A hound skeleton (D:4)
  8 gnolls (D:5)
  11 adders
  5 worms
  4 dart slugs
  5 giant geckos
  5 orcs
  4 giant cockroaches
  14 goblins
  11 hobgoblins
  10 jackals
  7 kobolds
  4 quokkas
  A ball python (D:3)
  7 bats
  6 giant newts
  17 rats
141 creatures vanquished.

Vanquished Creatures (others)
  A sky beast (D:6)
1 creature vanquished.

Grand Total: 142 creatures vanquished

Notes
Turn   | Place    | Note
--------------------------------------------------------------
     0 | D:1      | George the Formicid Fighter began the quest for the Orb.
     0 | D:1      | Reached XP level 1. HP: 18/18 MP: 1/1
   386 | D:1      | Reached XP level 2. HP: 23/24 MP: 2/2
   647 | D:1      | Reached XP level 3. HP: 28/29 MP: 3/3
   658 | D:1      | Reached skill level 4 in Shields
  1330 | D:2      | Reached XP level 4. HP: 35/36 MP: 4/4
  1745 | D:2      | Reached XP level 5. HP: 40/42 MP: 5/5
  2356 | D:3      | Found a faded altar to an unknown god.
  2720 | D:3      | Found a burning altar of Makhleb.
  2725 | D:3      | Found a glowing silver altar of Zin.
  2725 | D:3      | Noticed an angel
  2725 | D:3      | Noticed a green death
  2950 | D:3      | Reached XP level 6. HP: 45/49 MP: 6/6
  3027 | D:4      | Reached skill level 5 in Shields
  3048 | D:4      | Found a white marble altar of Elyvilon.
  3081 | D:4      | Found an oddly glowing altar of Pakellas.
  3313 | D:4      | Reached XP level 7. HP: 55/55 MP: 7/7
  3486 | D:4      | Reached skill level 5 in Fighting
  3486 | D:4      | Reached skill level 5 in Armour
  3876 | D:5      | Entered Level 5 of the Dungeon
  4008 | D:5      | Reached skill level 6 in Shields
  4017 | D:5      | Reached XP level 8. HP: 33/63 MP: 8/8
  4104 | D:5      | Found a shadowy altar of Dithmenos.
  4109 | D:5      | Found Aruser's Distillery.
  4325 | D:5      | Reached skill level 5 in Long Blades
  4436 | D:5      | Found a sacrificial altar of Ru.
  4592 | D:6      | Reached skill level 7 in Shields
  4617 | D:6      | Noticed Lokkij's ghost (novice DrMo)
  4644 | D:6      | Killed from afar by Lokkij's ghost

Vault maps used:
D:1:      lightli_arrival_flooded_house, minmay_rat_gold_closets
D:2:      minmay_hedge_maze
D:3:      grunt_temple_overflow_order_and_chaos_2, first_bread,
          ecumenical_altar_1
D:4:      elyvilon_altar_1, johnstein_pakellas_dig
D:5:      grunt_dithmenos_smoke, nicolae_ru_sacrificial_ziggurat, serial_shops,
          shop_fountains

Skill      XL: |  1  2  3  4  5  6  7  8 |
---------------+-------------------------+-----
Shields        | 4 5 6 7 |  7.1
Long Blades    | 3 4 5 |  5.5
Armour         | 4 5 6 |  6.6
Fighting       | 4 5 6 |  6.5

Action                   |  1- 3 |  4- 6 |  7- 9 || total
-------------------------+-------+-------+-------++-------
Melee: Long sword        |   132 |   245 |   265 ||   642
 Abil: Dig               |     1 |     1 |       ||     2
  Eat: Chunk             |     1 |     7 |     5 ||    13
Armor: Scale mail        |    52 |    79 |       ||   131
       Chain mail        |       |    42 |   138 ||   180
Dodge: Dodged            |    52 |    65 |    91 ||   208
Block: Shield            |    75 |   128 |   152 ||   355
